 Dungeon Crawl Stone Soup version 0.23.0 (webtiles) character file.

Game seed: 15313570178957724635

2671 Flooderbenga the Cleaver (level 9, -1/88 HPs)
             Began as a Deep Dwarf Fighter on Feb 9, 2019.
             Was an Initiate of Makhleb.
             Slain by a worker ant (5 damage)
             ... on level 7 of the Dungeon.
             The game lasted 00:20:38 (1663 turns).

Flooderbenga the Cleaver (Deep Dwarf Fighter)       Turns: 1663, Time: 00:20:39

Health: -1/88      AC: -22   Str: 22    XL:     9   Next: 37%
Magic:  1/1        EV:  5    Int: 10    God:    Makhleb [......]
Gold:   79         SH:  9    Dex: 14    Spells: 8/8 levels left

rFire    . . .     SeeInvis .   a - +0 war axe
rCold    . . .     Gourm    .   c - +0 shield
rNeg     . . .     Faith    .   F - +0 chain mail
rPois    .         Spirit   .   (no helmet)
rElec    .         Reflect  .   (no cloak)
rCorr    .         Harm     .   (no gloves)
MR       +....                  (no boots)
Stlth    ..........             (no amulet)
HPRegen  0.00/turn              S - ring of attention (curse)
MPRegen  0.07/turn              T - +2 ring of dexterity

@: lethally poisoned (-1 -> -1), corroded, non-regenerating
A: damage resistance, heal wounds, sense surroundings 2, no regeneration
a: Heal Wounds, Renounce Religion


You were on level 7 of the Dungeon.
You worshipped Makhleb.
Makhleb was noncommittal.
You were hungry.

You visited 2 branches of the dungeon, and saw 9 of its levels.

You collected 199 gold pieces.
You spent 120 gold pieces at shops.

Inventory:

Hand Weapons
 a - a +0 war axe (weapon)
Armour
 b - a +0 scale mail
 c - a +0 shield (worn)
 F - a +0 chain mail (worn)
Jewellery
 S - a cursed ring of attention (left hand)
 T - a +2 ring of dexterity (right hand)
Wands
 D - a wand of digging (4)
 E - a wand of enslavement (7)
Scrolls
 A - 2 scrolls of fear
 N - 4 scrolls of remove curse
 R - 2 scrolls of identify
 U - a scroll of enchant weapon {unknown}
 V - a scroll of amnesia {unknown}
Potions
 H - a potion of haste
 W - a potion of invisibility {unknown}
 X - a potion of magic {unknown}
 Y - a potion of curing {unknown}
Comestibles
 z - 3 rations


   Skills:
 + Level 8.1 Fighting
 + Level 10.8 Axes
 - Level 3.2 Armour
 - Level 3.2 Shields


You had 8 spell levels left.
You didn't know any spells.
Your spell library was empty.

Dungeon Overview and Level Annotations

Branches:
Dungeon (8/15)             Temple (1/1) D:5
   Lair: D:8-11

Altars:
Ashenzari
Dithmenos
Elyvilon
Fedhas
Gozag
Hepliaklqana
Kikubaaqudgha
Makhleb
Nemelex Xobeh
Okawaru
Qazlal
Ru
Sif Muna
Trog
Uskayaw
Xom
Yredelemnul
The Shining One

Shops:
D:6 *

Annotations:
D:6 Prince Ribbit


Innate Abilities, Weirdness & Mutations

You are resistant to damage.
You can heal yourself by infusing magical energy.
You passively map the area around you.
You do not regenerate.


Message History

The centaur barely misses you. The centaur hits you. The worker ant bites you.
* * * LOW HITPOINT WARNING * * *
You are more poisoned.
The worker ant poisons you! The giant cockroach bites you.
* * * LOW HITPOINT WARNING * * *
You hit the centaur but do no damage.
The centaur is almost dead.
You hit the giant cockroach but do no damage.
You hit the worker ant but do no damage.
You feel sick. You block the centaur's attack. The worker ant bites you.
* * * LOW HITPOINT WARNING * * *
The giant cockroach bites you.
* * * LOW HITPOINT WARNING * * *
The centaur hits you!
* * * LOW HITPOINT WARNING * * *
You slash the centaur!
You kill the centaur!
Makhleb accepts your kill.
You hit the worker ant but do no damage.
You closely miss the giant cockroach.
You feel sick. The worker ant bites you!
* * * LOW HITPOINT WARNING * * *
You block the giant cockroach's attack. The worker ant bites you.
* * * LOW HITPOINT WARNING * * *
You are lethally poisoned!
The worker ant poisons you!
You feel much better.
You feel very sick. The giant cockroach bites you. The worker ant bites you!
* * * LOW HITPOINT WARNING * * *
The giant cockroach bites you.
You hit the worker ant but do no damage.
The worker ant is severely wounded.
You hit the giant cockroach but do no damage.
You feel sick. You block the giant cockroach's attack.
The worker ant bites you. Elyvilon blocks your attack.
You hit the giant cockroach.
You feel sick. You block the giant cockroach's attack.
The worker ant bites you.
* * * LOW HITPOINT WARNING * * *
You completely miss the worker ant.
The worker ant is severely wounded.
You hit the giant cockroach but do no damage.
You feel sick. You block the giant cockroach's attack.
The worker ant bites you.
* * * LOW HITPOINT WARNING * * *
You fail to use your ability.
The giant cockroach bites you. The worker ant bites you!
* * * LOW HITPOINT WARNING * * *
The worker ant bites you.
You die...

, , , ,, * , , *
#..$........ * ,
..........#.###
,, ,
..........#.#.#*
* * . ,
,..#...........*
* # * , ,,,
#.......... * . *
, ..##.......# ,
, . ......)sa..#
* , . ,
.......@>..#* , .
,
.......)..(.....
, . ,
*...........#####
* . ,
*.......#...#
,*,* .
*##....##...# *
.# , #..... ##..#
* * .. , ...##.
*..# _, . , ,,*
.#. #. ..# , . ,
* * ,


You could see a worker ant and a giant cockroach.

Vanquished Creatures
  Pikel (D:8)
  2 hippogriffs (D:7)
  Sigmund (D:6)
  4 centaurs
  2 steam dragons (D:8)
  Edmund (D:6)
  A sky beast (D:6)
  2 ogres
  A bullfrog (D:7)
  A scorpion (D:7)
  A jelly (D:7)
  A bullfrog zombie (D:7)
  A centaur zombie (D:6)
  4 orc wizards
  An orc priest (D:8)
  A bullfrog skeleton (D:6)
  2 hounds (D:5)
  A centaur skeleton (D:8)
  2 iguanas (D:8)
  2 worker ants
  A hound zombie (D:5)
  A hound skeleton (D:6)
  An adder (D:2)
  2 gnolls (D:5)
  2 shadow imps
  2 oozes
  A worm (D:4)
  A leopard gecko (D:5)
  13 orcs
  3 giant cockroaches
  A hobgoblin (D:5)
  6 jackals (D:5)
  A quokka (D:6)
  2 frilled lizards
  2 kobolds
  2 fungi (D:8)
73 creatures vanquished.

Vanquished Creatures (others)
  A centaur (D:5)
  A fungus (D:8)
2 creatures vanquished.

Grand Total: 75 creatures vanquished

Notes
Turn   | Place    | Note
-------+----------+-------------------------------------------
     0 | D:1      | Flooderbenga the Deep Dwarf Fighter began the quest for the
                  | Orb.
     0 | D:1      | Reached XP level 1. HP: 20/20 MP: 1/1
   128 | D:2      | Reached skill level 3 in Fighting
   128 | D:2      | Reached XP level 2. HP: 25/28 MP: 2/2
   157 | D:3      | Reached skill level 3 in Axes
   231 | D:4      | Reached skill level 4 in Axes
   231 | D:4      | Reached XP level 3. HP: 16/34 MP: 3/3
   241 | D:4      | Reached XP level 4. HP: 19/42 MP: 4/4
   250 | D:4      | Found an opulent altar of Gozag.
   278 | D:5      | Entered Level 5 of the Dungeon
   278 | D:5      | Noticed an ogre
   287 | D:5      | Killed an ogre
   287 | D:5      | Reached skill level 5 in Axes
   287 | D:5      | Reached XP level 5. HP: 35/49 MP: 5/5
   303 | D:5      | Reached skill level 6 in Axes
   342 | D:5      | Found an iron altar of Okawaru.
   376 | D:5      | Noticed a centaur
   378 | D:5      | Noticed a centaur
   383 | D:5      | Found a staircase to the Ecumenical Temple.
   390 | D:5      | Killed a centaur
   390 | D:5      | Reached XP level 6. HP: 34/57 MP: 6/6
   400 | Temple   | Entered the Ecumenical Temple
   492 | D:5      | Reached skill level 7 in Axes
   527 | D:5      | Found a white marble altar of Elyvilon.
   527 | D:5      | Found a sacrificial altar of Ru.
   532 | D:5      | Found a faded altar of an unknown god.
   534 | D:5      | Found a sparkling altar of Nemelex Xobeh.
   535 | D:5      | Found a faded altar of an unknown god.
   541 | D:5      | Became a worshipper of Ru the Awakened
   546 | D:5      | Fell from the grace of Ru
   546 | D:5      | Became a worshipper of Elyvilon the Healer
   546 | D:5      | Reached * piety under Elyvilon
   637 | D:6      | Found Sotub's General Store.
   637 | D:6      | Noticed Sigmund
   639 | D:6      | Killed Sigmund
   639 | D:6      | Reached XP level 7. HP: 31/66 MP: 7/7
   641 | D:6      | Noticed Edmund
   654 | D:6      | Killed Edmund
   654 | D:6      | Reached skill level 8 in Axes
   676 | D:6      | Bought a potion of haste for 120 gold pieces
   679 | D:7      | Found a hazy altar of Hepliaklqana.
   708 | D:6      | Noticed Prince Ribbit
   744 | D:6      | Reached XP level 8. HP: 37/75 MP: 8/8
   787 | D:7      | Noticed a hippogriff
   799 | D:7      | Killed a hippogriff
   799 | D:7      | Reached skill level 6 in Fighting
   799 | D:7      | Reached skill level 9 in Axes
   903 | D:8      | Found a deep blue altar of Sif Muna.
   982 | D:8      | Found a shadowy altar of Dithmenos.
  1107 | D:8      | Reached ** piety under Elyvilon
  1173 | D:8      | Noticed Pikel
  1301 | D:8      | Killed Pikel
  1301 | D:8      | Reached skill level 10 in Axes
  1301 | D:8      | Gained mutation: You passively map the area around you.
                  | [Deep Dwarf growth]
  1301 | D:8      | Reached XP level 9. HP: 78/86 MP: 7/7
  1480 | D:8      | Found a burning altar of Makhleb.
  1542 | D:8      | Fell from the grace of Elyvilon
  1542 | D:8      | Became a worshipper of Makhleb the Destroyer
  1637 | D:7      | HP: 3/88 [acid (7)]
  1650 | D:7      | HP: 2/88 [worker ant (5)]
  1658 | D:7      | HP: 4/88 [worker ant (1)]
  1663 | D:7      | HP: 4/88 [worker ant (5)]
  1663 | D:7      | Slain by a worker ant

Skill      XL: |  1  2  3  4  5  6  7  8  9 |
---------------+----------------------------+-----
Fighting       | 3 4 5 7 8 |  8.1
Axes           | 4 5 6 7 8 10 | 10.8
Armour         | |  3.2
Shields        | |  3.2

Action                   |  1- 3 |  4- 6 |  7- 9 || total
-------------------------+-------+-------+-------++-------
Melee: War axe           |    53 |    47 |   174 ||   274
Invok: Lesser Healing    |       |       |    13 ||    13
 Abil: Heal Wounds       |       |     3 |    28 ||    31
Evoke: Wand              |       |     2 |     7 ||     9
  Use: Scroll            |     4 |       |       ||     4
       Potion            |       |     1 |       ||     1
  Eat: Chunk             |       |       |     4 ||     4
Armor: Scale mail        |    28 |    28 |    19 ||    75
       Chain mail        |       |       |    59 ||    59
Dodge: Dodged            |    12 |    21 |    77 ||   110
Block: Shield            |    18 |    41 |   149 ||   208
